 Dungeon Crawl Stone Soup version 0.27.1-16-g815e20cd7a (webtiles) character file.

Game seed: 5429773202246828368

2 Descartes the Sneak (level 1, 0/10 HPs)
             Began as a Felid Delver on Nov 22, 2021.
             Slain by a jackal (2 damage)
             ... on level 5 of the Dungeon.
             The game lasted 00:00:35 (48 turns).

Descartes the Sneak (Felid Delver)                    Turns: 48, Time: 00:00:35

Health: 0/10       AC:  1    Str:  8    XL:     1   Next: 33%
Magic:  2/2        EV: 17    Int: 11    God:
Gold:   0          SH:  0    Dex: 17    Spells: 0/0 levels left
                                        Lives:  0   Deaths: 0

rFire    . . .     SeeInvis +     - Unarmed
rCold    . . .     Faith    .   (shield unavailable)
rNeg     . . .     Spirit   .   (armour unavailable)
rPois    .         Reflect  .   (helmet unavailable)
rElec    .         Harm     .   (cloak unavailable)
rCorr    .         Rampage  .   (gloves unavailable)
Will     .....                  (boots unavailable)
Stlth    ++++......             (no amulet)
HPRegen  0.03/turn              (no ring)
MPRegen  0.08/turn              (no ring)

@: quick
A: very small, claws 1, fangs 3, see invisible, speed 1, shaggy fur 1, stealthy
paws, no weapons or thrown items, no armour, multi-lived
a: no special abilities


You were on level 5 of the Dungeon.
You visited 1 branch of the dungeon, and saw 1 of its levels.

Inventory:

Jewellery
 f - a +6 ring of intelligence
Wands
 e - a wand of digging (3)
Scrolls
 a - a scroll of fog
 b - a scroll of magic mapping
 c - a scroll of fear
Potions
 d - a potion of haste


   Skills:
 - Level 3.0 Fighting
 - Level 2.6 Dodging
 + Level 6.8 Stealth
 - Level 2.0 Unarmed Combat


You couldn't memorise any spells.
You didn't know any spells.
Your spell library was empty.

Dungeon Overview and Level Annotations

Branches:
Dungeon (5/15)
 Temple: D:4-7

Altars:


Innate Abilities, Weirdness & Mutations

You have sharp claws.
You have razor-sharp teeth.
You have supernaturally acute eyesight. (SInv)
You cover ground quickly. (Speed+)
You are covered in fur. (AC +1)
Your paws help you pounce on unaware monsters.
You are incapable of wielding weapons or throwing items.
You cannot wear armour.
You gain extra lives every three experience levels.


Message History

You barely miss the jackal. The jackal completely misses you.
The jackal bites you but does no damage.
You scratch the jackal but do no damage.
The jackal misses you. x2; The jackal bites you.
You scratch the jackal.
The jackal is moderately wounded.
The jackal barely misses you. The jackal closely misses you.
The jackal misses you.
You scratch the jackal.
You kill the jackal!
The jackal bites you.
You are too injured to fight recklessly!
You are too injured to fight recklessly!
You are too injured to fight recklessly!
You are too injured to fight recklessly!
Found a shiny ruby ring.
The jackal completely misses you. The jackal completely misses you.
A hound zombie comes into view.
Found a stone staircase leading up.
Found 18 gold pieces.
You see here a +6 ring of intelligence.
f - a +6 ring of intelligence The jackal closely misses you.
The jackal bites you but does no damage.
The jackal barely misses you.
You scratch the jackal.
The jackal is severely wounded.
The jackal misses you. x2
You closely miss the jackal. Your bite misses the jackal.
The jackal misses you. The jackal bites you. x2
* * * LOW HITPOINT WARNING * * *
The jackal misses you.
You scratch the jackal but do no damage.
The jackal is severely wounded.
The jackal barely misses you. The jackal closely misses you.
You scratch the jackal but do no damage.
The jackal is severely wounded.
The jackal bites you.
You die...

...........#.#.
.....................
.$...................
.....................
..<..................
...........# #.....
#.......>..# #...
#.....@h..###.# .>
##.....h......### ##.
###...#.#......#.
.#..
#....##..#..##..##..
##.#. #.###....# .
#....##..#†#..## ##.
#......#....#..####?.
#......#....##..#....
...... #.....#..#...#


You could see 2 jackals.

Vanquished Creatures
  2 jackals (D:5)
2 creatures vanquished.

Notes
Turn   | Place    | Note
-------+----------+-------------------------------------------
     0 | D:5      | Descartes the Felid Delver began the quest for the Orb.
     0 | D:5      | Reached XP level 1. HP: 10/10 MP: 2/2
    48 | D:5      | Slain by a jackal

Illustrated notes

Levels and vault maps discovered:
D:5:      layout_cave_pools, marbit_many_paths, amcnicky_altar_gilded,
          gammafunk_temple_overflow_forgotten, minmay_temple_entry_junction,
          uniq_grinder

Action                   || total
-------------------------++-------
Melee: Unarmed           ||    10
Armor: Skin              ||     2
Dodge: Dodged            ||    18
